 Dungeon Crawl Stone Soup version 0.31.0-11-ge490571c62 (webtiles) character file.

Game seed: 11306883670831568530

6783 Ashen the Covert (level 11, -8/81 HPs)
             Began as a Gnoll Enchanter on Feb 3, 2024.
             Was a Follower of Uskayaw.
             Killed by the air
             ... invoked by Gastronok
              (25 damage)
             ... on level 10 of the Dungeon.
             The game lasted 00:27:16 (10166 turns).

Ashen the Covert (Gnoll Enchanter)                 Turns: 10166, Time: 00:27:17

Health: -8/81      AC:  6    Str:  7    XL:     11   Next: 5%
Magic:  9/23       EV: 16    Int: 20    God:    Uskayaw [*.....]
Gold:   252        SH:  0    Dex: 21    Spells: 15/26 levels left

rFire   x . .        B - +1 dagger (venom)
rCold   . . .        (no shield)
rNeg    . . .        j - +0 leather armour of Blue Curiosity {Will+ Dex+3}
rPois   +            l - +0 helmet
rElec   +            F - +0 cloak
rCorr   .            (no gloves)
SInv    +            (no boots)
Will    ++...        (no amulet)
Stlth   ++++         i - ring of poison resistance
HPRegen 0.33/turn    A - ring "Bocy" {rElec rF- Will+ Int+6 SInv}
MPRegen 0.18/turn

%: no passive effects
@: confusing by touch
A: fangs 1, strong nose, distributed training
a: Renounce Religion, Stomp


You were on level 10 of the Dungeon.
You worshipped Uskayaw.
Uskayaw was noncommittal.
You visited 2 branches of the dungeon, and saw 11 of its levels.
You also visited: Sewer.

You collected 451 gold pieces.
You spent 199 gold pieces at shops.

Inventory:

Hand Weapons
 y - a +0 rapier
 B - a +1 dagger of venom (weapon)
Missiles
 x - 35 poisoned darts (quivered)
 E - 3 throwing nets
Armour
 j - the +0 leather armour of Blue Curiosity (worn) {Will+ Dex+3}
   (You found it on level 2 of the Dungeon)

   Dex+3:     It affects your dexterity (+3).
   Will+:     It increases your willpower.
 k - a +0 troll leather armour
 l - a +0 helmet (worn)
 F - a +0 cloak (worn)
Jewellery
 i - a ring of poison resistance (left hand)
 A - the ring "Bocy" (right hand) {rElec rF- Will+ Int+6 SInv}
   (You found it on level 5 of the Dungeon)

   [ring of see invisible]

   Int+6:     It affects your intelligence (+6).
   rF-:       It makes you vulnerable to fire.
   rElec:     It insulates you from electricity.
   Will+:     It increases your willpower.
   SInv:      It lets you see invisible.
Wands
 q - a wand of iceblast (20)
 D - a wand of quicksilver (4)
 J - a wand of digging (9)
Scrolls
 b - 6 scrolls of identify {unknown}
 e - a scroll of silence {unknown}
 f - 6 scrolls of blinking {unknown}
 g - 3 scrolls of poison {unknown}
 h - 3 scrolls of fog {unknown}
 o - 3 scrolls of revelation {unknown}
 p - 2 scrolls of acquirement {unknown}
 r - 7 scrolls of teleportation {unknown}
 w - 2 scrolls of brand weapon {unknown}
 K - 2 scrolls of noise {unknown}
 L - 2 scrolls of immolation {unknown}
Potions
 a - a potion of might {unknown}
 c - a potion of invisibility
 d - a potion of degeneration {unknown}
 m - a potion of mutation {unknown}
 n - 4 potions of curing {unknown}
 s - 2 potions of ambrosia {unknown}
 t - 2 potions of berserk rage {unknown}
 u - 3 potions of enlightenment {unknown}
 z - a potion of lignification {unknown}
 G - 3 potions of heal wounds
 H - a potion of magic {unknown}
 I - 2 potions of haste {unknown}


   Skills:
 + Level 6.1 Fighting
 + Level 6.7 Short Blades
 + Level 6.1 Long Blades
 + Level 6.1 Axes
 + Level 6.1 Maces & Flails
 + Level 6.1 Polearms
 + Level 6.1 Staves
 + Level 6.1 Ranged Weapons
 + Level 6.1 Throwing
 + Level 6.1 Armour
 + Level 7.7 Dodging
 + Level 8.6 Stealth
 + Level 6.1 Shields
 + Level 6.1 Unarmed Combat
 + Level 8.0 Spellcasting
 + Level 5.0 Conjurations
 + Level 7.5 Hexes
 + Level 5.0 Summonings
 + Level 5.0 Necromancy
 + Level 5.0 Translocations
 + Level 5.0 Fire Magic
 + Level 5.0 Ice Magic
 + Level 5.0 Air Magic
 + Level 5.0 Earth Magic
 + Level 5.0 Alchemy
 + Level 6.7 Invocations
 + Level 6.1 Evocations
 + Level 5.5 Shapeshifting


You had 15 spell levels left.
You knew the following spells:

 Your Spells              Type           Power      Damage    Failure   Level
a - Ensorcelled Hibernat  Hex/Ice        66%        N/A       1%          2
b - Confusing Touch       Hex            38%        N/A       1%          3
c - Tukima's Dance        Hex            38%        N/A       1%          3
d - Dazzling Flash        Conj/Hex       66%        N/A       2%          3

Your spell library contained the following spells:

 Spells                   Type           Power      Damage    Failure   Level
 Lesser Beckoning         Tloc           56%        N/A       2%          2
 Inner Flame              Hex/Fire       33%        N/A       2%          3
 Gell's Gravitas          Tloc           28%        N/A       4%          3
 Teleport Other           Tloc           28%        N/A       4%          3
 Flame Wave               Conj/Fire      28%        2d9       14%         4
 Sticky Flame             Fire/Alch      28%        2d7       14%         4


Dungeon Overview and Level Annotations

Branches:
Dungeon (10/15)            Temple (1/1) D:7            Lair (0/5) D:8
  Sewer (visited)
    Orc: D:9-12

Altars:
Cheibriados
Dithmenos
Elyvilon
Fedhas
Gozag
Hepliaklqana
Kikubaaqudgha
Makhleb
Nemelex Xobeh
Okawaru
Qazlal
Ru
Sif Muna
Trog
Uskayaw
Vehumet
Wu Jian
Xom
Yredelemnul
Zin
The Shining One

Shops:
D:5 (*   D:6 !

Annotations:
D:3 2 transporters, Skimidon's ghost, amateur VSDe
D:10 Gastronok; Lodul
Temple 2 transporters


Innate Abilities, Weirdness & Mutations

You have very sharp teeth.
Your uncanny sense of smell can sniff out nearby items.
Your experience applies equally to all skills.


Message History

Press: ? - help, Shift-Dir - straight line, f - Gastronok
Aim: Gastronok, wearing a +0 hat (heavily wounded, extremely poisoned, chance to confuse on hit: 16%, chance to affect: 15%) Gastronok resists with almost no effort.
Casting: Ensorcelled Hibernation (safe; 1% risk of failure)
Confirm with . or Enter, or press ? or * to list all spells.
Aiming: Ensorcelled Hibernation (safe; 1% risk of failure)
Press: ? - help, Shift-Dir - straight line, f/p - Gastronok
Aim: Gastronok, wearing a +0 hat (severely wounded, extremely poisoned, chance to confuse on hit: 16%, chance to affect: 15%) Gastronok resists with almost no effort.
Gastronok misses you.
Casting: Ensorcelled Hibernation (safe; 1% risk of failure)
Confirm with . or Enter, or press ? or * to list all spells.
Aiming: Ensorcelled Hibernation (safe; 1% risk of failure)
Press: ? - help, Shift-Dir - straight line, f/p - Gastronok
Aim: Gastronok, wearing a +0 hat (severely wounded, extremely poisoned, chance to confuse on hit: 16%, chance to affect: 15%) Gastronok resists with almost no effort.
Casting: Ensorcelled Hibernation (safe; 1% risk of failure)
Confirm with . or Enter, or press ? or * to list all spells.
Aiming: Ensorcelled Hibernation (safe; 1% risk of failure)
Press: ? - help, Shift-Dir - straight line, f/p - Gastronok
Aim: Gastronok, wearing a +0 hat (severely wounded, extremely poisoned, chance to confuse on hit: 16%, chance to affect: 15%) Gastronok resists with almost no effort.
Gastronok bites you!
* * * LOW HITPOINT WARNING * * *
Casting: Ensorcelled Hibernation (safe; 1% risk of failure)
Confirm with . or Enter, or press ? or * to list all spells.
Aiming: Ensorcelled Hibernation (safe; 1% risk of failure)
Press: ? - help, Shift-Dir - straight line, f/p - Gastronok
Aim: Gastronok, wearing a +0 hat (severely wounded, extremely poisoned, chance to confuse on hit: 16%, chance to affect: 15%) Gastronok resists with almost no effort.
Casting: Ensorcelled Hibernation (safe; 1% risk of failure)
Confirm with . or Enter, or press ? or * to list all spells.
Aiming: Ensorcelled Hibernation (safe; 1% risk of failure)
Press: ? - help, Shift-Dir - straight line, f/p - Gastronok
Aim: Gastronok, wearing a +0 hat (severely wounded, extremely poisoned, chance to confuse on hit: 16%, chance to affect: 15%) Gastronok resists with almost no effort.
Gastronok waves his eye-stalks in wide circles.
The air twists around and strikes you!!
You die...
Gastronok gurgles, "Time to dig in!"

#### ####### ..#
#.....# #.#w#
.####.###.####.#@#
..........<......##
#....[.####.#.##.#
#^...P~####.#....#
#PP.^~P#.##.####.#
##~.~P^#.........#
#P...##.##.######
#^.~. #.##.#
#...###.##.#


You could see Gastronok (extremely poisoned).

Vanquished Creatures
  A two-headed ogre (D:10)
  A cyclops (D:6)
  Joseph (D:8)
  A kobold demonologist (D:10)
  A troll (D:9)
  A shadow (D:9)
  2 wraiths
  3 yaks (D:9)
  A steam dragon (D:6)
  A basilisk (D:10)
  An acid dragon (D:10)
  Pargi (Sewer)
  An orc warrior (D:10)
  A sky beast (D:7)
  3 centaurs
  9 ogres
  A phantom (D:6)
  A kobold brigand (D:9)
  A gnoll sergeant (D:9)
  2 scorpions
  2 bullfrogs (D:8)
  10 wights
  10 killer bees
  2 bombardier beetles (D:5)
  7 howler monkeys
  2 jellies
  A hound (D:7)
  2 orc priests
  2 sleepcaps
  Crazy Yiuf (D:5)
  A gnoll bouda (D:6)
  3 iguanas
  4 orc wizards
  16 gnolls
  6 adders
  3 shadow imps
  2 white imps
  2 ufetubi (D:7)
  2 dart slugs
  A ribbon worm (D:5)
  19 orcs
  3 ball pythons (D:2)
  9 bats
  12 endoplasms
  3 giant cockroaches
  8 hobgoblins
  2 jackals (Sewer)
  16 kobolds
  3 quokkas
  2 frilled lizards (D:1)
  6 goblins
  7 rats
203 creatures vanquished.

Notes
Turn   | Place    | Note
-------+----------+-------------------------------------------
     0 | D:1      | Ashen the Gnoll Enchanter began the quest for the Orb.
     0 | D:1      | Reached XP level 1. HP: 13/13 MP: 6/6
   128 | D:1      | Reached XP level 2. HP: 18/19 MP: 7/7
   249 | D:1      | Learned a level 2 spell: Ensorcelled Hibernation
   448 | D:1      | Reached skill level 5 in Spellcasting
   448 | D:1      | Reached XP level 3. HP: 25/25 MP: 5/9
   684 | D:2      | Learned a level 3 spell: Confusing Touch
   688 | D:2      | Learned a level 3 spell: Tukima's Dance
   692 | D:2      | Learned a level 3 spell: Dazzling Flash
   713 | D:2      | Reached skill level 1 in Invocations
   717 | D:2      | Identified the +0 leather armour of Blue Curiosity {Will+
                  | Dex+3}
  1061 | D:2      | Reached skill level 1 in Fighting
  1061 | D:2      | Reached skill level 1 in Long Blades
  1061 | D:2      | Reached skill level 1 in Axes
  1061 | D:2      | Reached skill level 1 in Maces & Flails
  1061 | D:2      | Reached skill level 1 in Polearms
  1061 | D:2      | Reached skill level 1 in Staves
  1061 | D:2      | Reached skill level 1 in Ranged Weapons
  1061 | D:2      | Reached skill level 1 in Throwing
  1061 | D:2      | Reached skill level 1 in Armour
  1061 | D:2      | Reached skill level 1 in Shields
  1061 | D:2      | Reached skill level 1 in Unarmed Combat
  1061 | D:2      | Reached skill level 1 in Evocations
  1240 | D:2      | Found a bloodstained altar of Trog.
  1543 | D:2      | Reached skill level 1 in Shapeshifting
  1543 | D:2      | Reached XP level 4. HP: 29/32 MP: 11/11
  2076 | D:3      | Found a transporter.
  2078 | D:3      | Noticed Skimidon's ghost (amateur VSDe)
  2083 | D:3      | Found a transporter.
  2182 | D:3      | Reached skill level 1 in Conjurations
  2182 | D:3      | Reached skill level 1 in Summonings
  2182 | D:3      | Reached skill level 1 in Necromancy
  2182 | D:3      | Reached skill level 1 in Translocations
  2182 | D:3      | Reached skill level 1 in Fire Magic
  2182 | D:3      | Reached skill level 1 in Ice Magic
  2182 | D:3      | Reached skill level 1 in Air Magic
  2182 | D:3      | Reached skill level 1 in Earth Magic
  2182 | D:3      | Reached skill level 1 in Alchemy
  2250 | D:3      | Found a shimmering blue altar of Sif Muna.
  2598 | D:4      | Noticed an ogre
  2599 | D:4      | Killed an ogre
  2600 | D:4      | Reached XP level 5. HP: 37/37 MP: 12/12
  2857 | D:4      | Found a radiant altar of Vehumet.
  2906 | D:4      | Found a glowing drain.
  2913 | D:4      | Reached XP level 6. HP: 43/44 MP: 13/13
  3012 | Sewer    | Entered a sewer
  3079 | Sewer    | Noticed Pargi
  3096 | Sewer    | Killed Pargi
  3097 | Sewer    | Reached skill level 5 in Dodging
  3504 | D:4      | Found a bloodstained altar of Trog.
  3680 | D:4      | Found a sacrificial altar of Ru.
  3720 | D:5      | Entered Level 5 of the Dungeon
  3742 | D:5      | Reached XP level 7. HP: 50/50 MP: 15/15
  3758 | D:5      | Found Nyav's Weapon Boutique.
  3770 | D:5      | Identified the ring "Bocy" {rElec rF- Will+ Int+6 SInv}
  3786 | D:5      | Bought a +1 dagger of venom for 103 gold pieces
  3786 | D:5      | Bought 4 poisoned darts for 26 gold pieces
  4150 | D:5      | Found a runed translucent door.
  4151 | D:5      | Noticed Crazy Yiuf
  4216 | D:5      | Killed Crazy Yiuf
  4585 | D:5      | Found Caniac's Lightly-Used Armoury.
  4864 | D:6      | Found Peipytiv's Distillery.
  4876 | D:6      | Bought a potion of heal wounds for 70 gold pieces
  4932 | D:6      | Noticed a cyclops
  5260 | D:6      | Noticed a wraith
  5376 | D:5      | Killed a wraith
  5377 | D:5      | Reached XP level 8. HP: 39/58 MP: 14/17
  5401 | D:6      | Killed a cyclops
  5684 | D:6      | Identified the +0 pair of boots of Meidigei {rF++ Will-
                  | Dex+3}
  5719 | D:6      | Reached XP level 9. HP: 39/65 MP: 13/18
  6299 | D:7      | Found a staircase to the Ecumenical Temple.
  6328 | Temple   | Found a transporter.
  6328 | Temple   | Found a transporter.
  6328 | Temple   | Found a transporter.
  6328 | Temple   | Found a transporter.
  6328 | Temple   | Entered the Ecumenical Temple
  6405 | D:7      | Found a hide-covered altar of Uskayaw.
  6466 | D:7      | Became a worshipper of Uskayaw the Reveller
  6606 | D:7      | Reached * piety under Uskayaw
  6607 | D:7      | Reached skill level 5 in Short Blades
  6611 | D:7      | Reached ** piety under Uskayaw
  6700 | D:7      | Reached *** piety under Uskayaw
  6902 | D:7      | Found a blossoming altar of Fedhas.
  7521 | D:8      | Reached skill level 5 in Invocations
  7529 | D:8      | Reached **** piety under Uskayaw
  7997 | D:8      | Noticed Joseph
  8003 | D:8      | Killed Joseph
  8004 | D:8      | Reached skill level 5 in Fighting
  8004 | D:8      | Reached skill level 5 in Long Blades
  8004 | D:8      | Reached skill level 5 in Axes
  8004 | D:8      | Reached skill level 5 in Maces & Flails
  8004 | D:8      | Reached skill level 5 in Polearms
  8004 | D:8      | Reached skill level 5 in Staves
  8004 | D:8      | Reached skill level 5 in Ranged Weapons
  8004 | D:8      | Reached skill level 5 in Throwing
  8004 | D:8      | Reached skill level 5 in Armour
  8004 | D:8      | Reached skill level 5 in Shields
  8004 | D:8      | Reached skill level 5 in Unarmed Combat
  8004 | D:8      | Reached skill level 5 in Evocations
  8004 | D:8      | Reached XP level 10. HP: 65/74 MP: 20/20
  8030 | D:8      | Found a staircase to the Lair.
  8955 | D:9      | Found an opulent altar of Gozag.
  8962 | D:9      | Found a shadowy altar of Dithmenos.
  9303 | D:9      | Reached skill level 5 in Shapeshifting
  9713 | D:10     | Entered Level 10 of the Dungeon
  9713 | D:10     | Noticed a two-headed ogre
  9719 | D:10     | Killed a two-headed ogre
  9884 | D:10     | Noticed a kobold demonologist
  9891 | D:10     | Killed a kobold demonologist
  9920 | D:10     | Reached skill level 5 in Conjurations
  9920 | D:10     | Reached skill level 5 in Summonings
  9920 | D:10     | Reached skill level 5 in Necromancy
  9920 | D:10     | Reached skill level 5 in Translocations
  9920 | D:10     | Reached skill level 5 in Fire Magic
  9920 | D:10     | Reached skill level 5 in Ice Magic
  9920 | D:10     | Reached skill level 5 in Air Magic
  9920 | D:10     | Reached skill level 5 in Earth Magic
  9920 | D:10     | Reached skill level 5 in Alchemy
  9922 | D:10     | Reached XP level 11. HP: 56/81 MP: 11/22
  9950 | D:10     | Noticed Lodul
 10151 | D:10     | Noticed Gastronok
 10166 | D:10     | Killed from afar by Gastronok

Illustrated notes

Levels and vault maps discovered:
D:1:      scummos_arrival_gate, layout_rooms
D:2:      layout_loops_corners, basic_altar, corner_web_ring
D:3:      layout_loops_ring, led_sif_pool, gammafunk_ghost_mausoleum
D:4:      layout_cave_pods, mainiacjoe_overflow_24_doors, marbit_many_paths,
          mainiacjoe_overflow_alcove_4, portal_sewer_entry_d
D:5:      layout_loops_ring, serial_shops, shop, chequers_serial_rivers_marsh,
          minmay_shop_damaged, nrook_mini_vaults, uniq_crazy_yiuf_cottage
D:6:      kennysheep_big_flooded_room, layout_loops_ring, serial_shops,
          nicolae_shop_trees, serial_glass, glass_columns_a, glass_columns_c
D:7:      layout_cave_pods, mainiacjoe_overflow_tiny_flanked,
          mainiacjoe_overflow_cross_hatched, temple_statues
D:8:      layout_basic, lair_entry_dummy, uniq_joseph
D:9:      layout_basic, minitemple, st_stairs_1
D:10:     kennysheep_steamy, layout_basic, kennysheep_mini, enter_bailey_2,
          uniq_lodul, uniq_gastronok
Temple:   hellmonk_temple_divided_pantheon

Skill      XL: |  1  2  3  4  5  6  7  8  9 10 11 |
---------------+----------------------------------+-----
Spellcasting   | 5 6 7 8 |  8.0
Stealth        | 6 7 8 |  8.6
Invocations    | 1 2 3 4 5 6 |  6.7
Fighting       | 1 2 3 5 6 |  6.1
Long Blades    | 1 2 3 5 6 |  6.1
Axes           | 1 2 3 5 6 |  6.1
Maces & Flails | 1 2 3 5 6 |  6.1
Polearms       | 1 2 3 5 6 |  6.1
Staves         | 1 2 3 5 6 |  6.1
Ranged Weapons | 1 2 3 5 6 |  6.1
Throwing       | 1 2 3 5 6 |  6.1
Armour         | 1 2 3 5 6 |  6.1
Shields        | 1 2 3 5 6 |  6.1
Unarmed Combat | 1 2 3 5 6 |  6.1
Evocations     | 1 2 3 5 6 |  6.1
Shapeshifting  | 1 2 3 4 5 |  5.5
Conjurations   | 1 2 3 4 5 |  5.0
Summonings     | 1 2 3 4 5 |  5.0
Necromancy     | 1 2 3 4 5 |  5.0
Translocations | 1 2 3 4 5 |  5.0
Fire Magic     | 1 2 3 4 5 |  5.0
Ice Magic      | 1 2 3 4 5 |  5.0
Air Magic      | 1 2 3 4 5 |  5.0
Earth Magic    | 1 2 3 4 5 |  5.0
Alchemy        | 1 2 3 4 5 |  5.0
Short Blades   | 3 4 5 6 |  6.7
Dodging        | 5 6 7 |  7.7
Hexes          | 6 7 |  7.5

Action                     |  1- 3 |  4- 6 |  7- 9 | 10-12 || total
---------------------------+-------+-------+-------+-------++-------
  Melee: Dagger            |    88 |    71 |   235 |   122 ||   516
         Bite              |     4 |     7 |    24 |    18 ||    53
         Punch             |       |     1 |    10 |    10 ||    21
  Throw: Dart              |       |       |     1 |       ||     1
   Cast: Ensorcelled Hiber |    15 |    26 |    37 |    52 ||   130
         Dazzling Flash    |       |       |    21 |     1 ||    22
         Confusing Touch   |       |       |    15 |     4 ||    19
         Tukima's Dance    |       |       |     1 |     2 ||     3
    Use: Potion            |       |       |     1 |     1 ||     2
   Stab: Sleeping          |    28 |    31 |    29 |    33 ||   121
         Distracted        |     1 |       |       |       ||     1
         Confused          |       |       |    16 |     2 ||    18
         Invisible         |       |       |    13 |     3 ||    16
         Paralysed         |       |       |     2 |     2 ||     4
 Armour: Robe              |    11 |       |       |       ||    11
         Leather armour    |    19 |    30 |   111 |    42 ||   202
  Dodge: Dodged            |    28 |    49 |   215 |   105 ||   397
